 Dungeon Sprint DCSS version 0.30-a0-424-g7412bad402 (webtiles) character file.

Game seed: 15353727080403806064

7935 rocky1 the Bludgeoner (level 11, -12/115 HPs)
             Began as a Naga Fighter on Dec 9, 2022.
             Was the Champion of Cheibriados.
             Mangled by a snapping turtle (17 damage)
             ... in the Dungeon (Sprint VII: "The Pits").
             The game lasted 00:04:58 (1837 turns).

rocky1 the Bludgeoner (Naga Fighter)                Turns: 1837, Time: 00:04:59

Health: -12/115    AC: 21    Str: 39    XL:     11   Next: 23%
Magic:  15/20      EV:  6    Int: 23    God:    Cheibriados [******]
Gold:   0          SH:  8    Dex: 25    Spells: 10/10 levels left

rFire   . . .      SeeInvis +    b - +1 broad axe (vorpal)
rCold   . . .      Faith    .    c - +0 buckler
rNeg    . . .      Spirit   .    t - +4 scale mail
rPois   +          Reflect  .    n - +2 hat {Will+}
rElec   .          Harm     .    g - +0 cloak
rCorr   .          Rampage  .    (no gloves)
Will    ++...      NoTele   +    s - +0 barding
Stlth   +.........               (no amulet)
HPRegen 0.39/turn                p - +3 ring of protection
MPRegen 0.17/turn                q - +3 ring of evasion

@: lethally poisoned (-12 -> -12), constricted, very slow
A: AC +3, large, see invisible, deformed body, poison resistance, slowness 2,
spit poison 1, naga tail 1
a: Spit Poison, Renounce Religion, Bend Time, Temporal Distortion, Slouch, Step
From Time


You were in the Dungeon.
You worshipped Cheibriados.
Cheibriados was exalted by your worship.
You visited 1 branch

Inventory:

Hand Weapons
 a - a +0 flail
 b - a +1 vorpal broad axe (weapon)
 o - a +1 vorpal mace
Armour
 c - a +0 buckler (worn)
 g - a +0 cloak (worn)
 n - a +2 hat of willpower (worn)
 s - a +0 barding (worn)
 t - a +4 scale mail (worn)
Jewellery
 p - a +3 ring of protection (left hand)
 q - a +3 ring of evasion (right hand)
Scrolls
 j - a scroll of blinking
 l - 5 scrolls of amnesia
 m - a scroll of summoning
Potions
 d - 2 potions of might
 e - 9 potions of curing
 f - 7 potions of heal wounds
 h - 3 potions of magic
 i - 2 potions of berserk rage
 k - 2 potions of invisibility
 r - a potion of mutation


   Skills:
 + Level 12.6 Fighting
 + Level 8.6(12.8) Axes
 + Level 15.0(15.9) Maces & Flails
 - Level 2.4 Armour
 + Level 11.6 Shields
 + Level 13.2 Invocations


You had 10 spell levels left.
You didn't know any spells.
Your spell library was empty.

Dungeon Overview and Level Annotations

Branches:
Dungeon (1/1)

Altars:
Ashenzari
Cheibriados
Dithmenos
Elyvilon
Fedhas
Gozag
Hepliaklqana
Kikubaaqudgha
Makhleb
Nemelex Xobeh
Okawaru
Qazlal
Ru
Sif Muna
Trog
Uskayaw
Vehumet
Wu Jian
Xom
Yredelemnul
Zin
The Shining One
Jiyva
Lugonu


Innate Abilities, Weirdness & Mutations

Your serpentine skin is tough. (AC +3)
You have supernaturally acute eyesight. (SInv)
Armour fits poorly on your strangely shaped body.
Your system is resistant to poisons. (rPois)
You cover ground very slowly.
You can spit poison.
You have a snake-like lower body.


Message History

You see here an adder corpse.
You feel much better.
You feel sick. You block the naga's attack. The naga spits poison at you.
You block the splash of poison. The naga constricts you.
The snapping turtle bites you from afar!
Unknown command.
Activating: Slouch (1% risk of failure)
Press: ? - help, Dir - look around, f - activate You can feel time thicken for a moment.
You kill the naga!
Cheibriados appreciates the change of pace.
You kill the naga!
Cheibriados thoroughly appreciates the change of pace.
You feel sick. The snapping turtle barely misses you.
Your Maces & Flails skill increases to level 15!
Unknown command.
Magic courses through your body.
You feel sick. The snapping turtle barely misses you.
Activating: Slouch (1% risk of failure)
Press: ? - help, Dir - look around, f - activate You can feel time thicken for a moment.
You kill the troll!
Cheibriados thoroughly appreciates the change of pace.
You feel sick.
The snapping turtle bites you but does no damage.
Unknown command.
You are too injured to fight recklessly!
You feel sick. The naga closely misses you. You block the naga's attack.
The naga spits poison at you. The splash of poison misses you.
The snapping turtle bites you. The snapping turtle bites you!
The naga hits you with a +0 war axe!!!
* * * LOW HITPOINT WARNING * * *
The naga grabs you. The naga constricts you.
You block the snapping turtle's attack.
You feel much better. The naga hits you with a +0 war axe!
* * * LOW HITPOINT WARNING * * *
The naga constricts you.
* * * LOW HITPOINT WARNING * * *
The snapping turtle bites you!
You die...

........# #†'######
#''######### ## ####
#......#...+
..###...#
#....###...###
..#...#
#...##.+.†.†.##.....#
#..##..##'##†.##...#
#..#..##...##..Nt).#
#..#..#.....#..#@..#
#..'..'.....+..†)..+
#..#..#.....#.)#...#
#†.#..##...##..'...#
#..##..##'##..##...#
#...##.)...+.##.....#
#....###...## ..#...#
#......#...+ .###...#
############ ####


You could see a snapping turtle and a naga (strong).

Vanquished Creatures
  Gastronok (D)
  An alligator (D)
  A naga warrior (D)
  A shadow wraith (D)
  A deep troll (D)
  A bog body (D)
  An elephant (D)
  A cane toad (D)
  A rime drake (D)
  2 efreet (D)
  An ice devil (D)
  2 tyrant leeches (D)
  A troll (D)
  A snapping turtle (D)
  2 jumping spiders (D)
  2 wargs (D)
  2 nagas (D)
  3 floating eyes (D)
  2 black bears (D)
  2 ogres (D)
  A kobold brigand (D)
  A scorpion (D)
  3 wights (D)
  A hound (D)
  A jelly (D)
  2 iron imps (D)
  An adder (D)
  An adder zombie (D)
  A bat zombie (D)
  2 hobgoblins (D)
  2 ball pythons (D)
  A bat (D)
  2 frilled lizards (D)
  A kobold (D)
  A rat (D)
50 creatures vanquished.

Notes
Turn   | Place    | Note
-------+----------+-------------------------------------------
     0 | D        | rocky1 the Naga Fighter began the quest for the Orb.
     0 | D        | Reached XP level 1. HP: 21/21 MP: 1/1
    76 | D        | Found a bloodstained altar of Trog.
    76 | D        | Found a shimmering blue altar of Sif Muna.
    76 | D        | Found a viscous altar of Jiyva.
    76 | D        | Found a hazy altar of Hepliaklqana.
    76 | D        | Found an opulent altar of Gozag.
    77 | D        | Found a glowing golden altar of the Shining One.
    77 | D        | Found a glowing silver altar of Zin.
    77 | D        | Found a basalt altar of Yredelemnul.
    77 | D        | Found a shimmering altar of Xom.
    77 | D        | Found an ornate altar of the Wu Jian Council.
    77 | D        | Found a sacrificial altar of Ru.
    77 | D        | Found a stormy altar of Qazlal.
    77 | D        | Found an iron altar of Okawaru.
    77 | D        | Found a sparkling altar of Nemelex Xobeh.
    77 | D        | Found a burning altar of Makhleb.
    77 | D        | Found a blossoming altar of Fedhas.
    77 | D        | Found a white marble altar of Elyvilon.
    77 | D        | Found a shadowy altar of Dithmenos.
    77 | D        | Found a snail-covered altar of Cheibriados.
    80 | D        | Found a corrupted altar of Lugonu.
    80 | D        | Found a radiant altar of Vehumet.
    81 | D        | Found an ancient bone altar of Kikubaaqudgha.
    81 | D        | Found a hide-covered altar of Uskayaw.
    81 | D        | Found a broken altar of Ashenzari.
    88 | D        | Became a worshipper of Cheibriados the Contemplative
   106 | D        | Noticed a floating eye
   107 | D        | Paralysed by a floating eye for 4 turns
   113 | D        | Killed a floating eye
   113 | D        | Reached * piety under Cheibriados
   114 | D        | Reached skill level 6 in Maces & Flails
   114 | D        | Reached XP level 2. HP: 31/31 MP: 1/5
   114 | D        | Reached XP level 3. HP: 38/38 MP: 1/6
   114 | D        | Reached XP level 4. HP: 45/45 MP: 1/7
   175 | D        | Noticed a scorpion
   177 | D        | Reached ** piety under Cheibriados
   185 | D        | Killed a scorpion
   186 | D        | Reached skill level 5 in Fighting
   186 | D        | Reached skill level 7 in Maces & Flails
   186 | D        | Reached skill level 5 in Shields
   186 | D        | Reached XP level 5. HP: 33/52 MP: 8/8
   372 | D        | Noticed a floating eye
   372 | D        | Paralysed by a floating eye for 3 turns
   376 | D        | Paralysed by a floating eye for 3 turns
   381 | D        | Paralysed by a floating eye for 3 turns
   387 | D        | Killed a floating eye
   387 | D        | Reached *** piety under Cheibriados
   388 | D        | Reached skill level 8 in Maces & Flails
   388 | D        | Reached skill level 5 in Invocations
   388 | D        | Reached XP level 6. HP: 59/62 MP: 8/10
   396 | D        | Reached **** piety under Cheibriados
   462 | D        | Noticed a black bear
   463 | D        | Noticed a warg
   464 | D        | Reached ***** piety under Cheibriados
   464 | D        | Killed a warg
   465 | D        | Reached skill level 10 in Maces & Flails
   465 | D        | Reached XP level 7. HP: 66/72 MP: 5/12
   689 | D        | Noticed an efreet
   692 | D        | Killed an efreet
   693 | D        | Reached skill level 11 in Maces & Flails
   693 | D        | Reached XP level 8. HP: 69/82 MP: 8/14
   743 | D        | Reached ****** piety under Cheibriados
   833 | D        | Noticed an efreet
   833 | D        | Noticed a rime drake
   835 | D        | Killed a rime drake
   836 | D        | Reached skill level 12 in Maces & Flails
   839 | D        | Killed an efreet
   840 | D        | Reached XP level 9. HP: 44/91 MP: 9/16
  1101 | D        | Paralysed by a floating eye for 4 turns
  1107 | D        | Reached skill level 1 in Axes
  1174 | D        | Noticed a tyrant leech
  1186 | D        | Killed a tyrant leech
  1187 | D        | Reached skill level 10 in Invocations
  1381 | D        | Reached skill level 13 in Maces & Flails
  1404 | D        | Noticed Gastronok
  1404 | D        | Noticed an elephant
  1414 | D        | Killed an elephant
  1415 | D        | Reached skill level 10 in Fighting
  1433 | D        | Killed Gastronok
  1434 | D        | Reached skill level 5 in Axes
  1434 | D        | Reached skill level 10 in Shields
  1434 | D        | Reached XP level 10. HP: 87/103 MP: 13/18
  1551 | D        | Noticed a cane toad
  1558 | D        | Killed a cane toad
  1704 | D        | Reached skill level 14 in Maces & Flails
  1732 | D        | Noticed a deep troll
  1735 | D        | Killed a deep troll
  1814 | D        | Noticed an alligator
  1815 | D        | Noticed a bog body
  1817 | D        | Noticed a shadow wraith
  1819 | D        | Killed an alligator
  1821 | D        | Killed a bog body
  1821 | D        | Killed a shadow wraith
  1822 | D        | Reached XP level 11. HP: 104/114 MP: 9/20
  1827 | D        | Noticed a naga warrior
  1830 | D        | Killed a naga warrior
  1834 | D        | Reached skill level 15 in Maces & Flails
  1836 | D        | HP: 2/115 [naga/+0 war axe (36)]
  1837 | D        | Mangled by a snapping turtle

Illustrated notes

Levels and vault maps discovered:
D:        pitsprint [storerooms_1, entrance_room_1, metal_vault_6, armoury_1,
          mini_pit_1, grid_room_1, main_hall_1, silver_pit, the_coven_1,
          the_vestibule_1, steel_vault_3, golden_pit, hallway_of_sentries,
          crystal_vault_1, iron_vault_1, final_vault]

Skill      XL: |  1  2  3  4  5  6  7  8  9 10 11 |
---------------+----------------------------------+-----
Fighting       | 4 5 6 7 8 9 10 12 | 12.6
Maces & Flails | 6 7 8 10 11 12 13 14 15 | 15.0
Shields        | 4 5 6 7 8 10 11 | 11.6
Invocations    | 4 5 7 8 9 11 12 13 | 13.2
Axes           | 5 8 |  8.6
Armour         | |  2.4

Action                   |  1- 3 |  4- 6 |  7- 9 | 10-12 || total
-------------------------+-------+-------+-------+-------++-------
Melee: Flail             |     8 |    28 |       |       ||    36
       Mace              |       |       |    61 |       ||    61
       Broad axe         |       |       |       |    34 ||    34
Invok: Slouch            |       |     1 |     7 |     7 ||    15
 Abil: Spit Poison       |       |       |     3 |     1 ||     4
  Use: Potion            |       |       |     2 |     3 ||     5
Armor: Scale mail        |       |     7 |    26 |    23 ||    56
       Chain mail        |       |     1 |     4 |       ||     5
Dodge: Dodged            |     3 |     4 |    14 |    25 ||    46
Block: Buckler           |       |     5 |    15 |    19 ||    39

Table legend: (Time is in decaauts)
 A = Elapsed time spent in this place.
 B = Non-inter-level travel time spent in this place.
 C = Inter-level travel time spent in this place.
 D = Time resting spent in this place.
 E = Time spent auto-exploring this place.
 F = Levels seen in this place.
 G = Mean time per level.
                   A        B        C        D        E       F      G
               +--------+--------+--------+--------+--------+-----+--------+
         Total |   2281 |   2117 |    164 |   1290 |      0 |   1 | 2281.0 |
       Dungeon |   2281 |   2117 |    164 |   1290 |      0 |   1 | 2281.0 |
               +--------+--------+--------+--------+--------+-----+--------+

Top non-repeatable levels by time:
       D: 2281 daAuts
